Map: 세룰리안 폴 - 래더

Players

aLive

  • Race: Terran Terran
  • League: Grandmaster
  • Spawn Location: 1:00

TYTY (TY) - Winner!

  • Race: Terran Terran
  • League: Master
  • Spawn Location: 7:00

Event: IEM Season 13 - Katowice Server Qualifiers Asia 1

VOD

Have the link to the VOD?

Description

Time

  • Played on: Jan. 14, 2019, 4:23 a.m.
  • Length: 19:16

All games in this series

Show
View Real Time Build Order
Export as new Build Order

aLive Terran 

Build Orders: 1/1/1 

Get SALT Encoding   

  12  0:00  SCV  
  13  0:12  SCV  
  14  0:17  Supply Depot  
  14  0:25  SCV  
  15  0:29  Refinery  
  15  0:38  SCV  
  16  0:44  Barracks  
  16  0:50  SCV  
  16  0:56  Refinery  
  17  1:03  SCV  
  18  1:15  SCV  
  19  1:32  Reaper  
  21  1:33  Orbital Command  
  21  1:35  Factory  
  20  1:50  Supply Depot  
  20  1:58  SCV  
  21  2:05  Reaper  
  22  2:11  SCV  
  23  2:19  Starport  
  23  2:22  Hellion  
  25  2:23  SCV  
  25  2:25  Supply Depot  
  26  2:35  SCV  
  27  2:40  Reaper  
  28  2:47  SCV  
  28  2:52  Hellion  
  30  2:59  SCV  
  30  3:02  Command Center  
  31  3:12  SCV  
  32  3:15  Factory Tech Lab  
  32  3:16  Barracks Reactor  
  32  3:17  Starport  
  32  3:24  SCV  
  32  3:26  Supply Depot  
  33  3:35  Cyclone  
  33  3:36  SCV  
  37  3:48  SCV  
  36  3:53  Marine x2  
  36  3:54  Starport Tech Lab  
  36  3:59  Refinery  
  36  4:00  SCV  
  37  4:09  Siege Tank  
  40  4:12  Raven  
  40  4:14  Orbital Command  
  42  4:19  SCV  
  42  4:20  Marine x2  
  45  4:32  SCV  
  45  4:33  Supply Depot  
  45  4:38  Marine x2  
  46  4:42  SCV  
  46  4:44  SCV  
  46  4:45  Siege Tank  
  52  4:54  SCV  
  52  4:56  SCV  
  54  5:05  Viking x2, Stimpack  
  58  5:07  SCV  
  58  5:08  SCV  
  58  5:09  Supply Depot  
  60  5:19  SCV  
  60  5:20  SCV  
  62  5:26  Engineering Bay  
  62  5:28  Marine  
  62  5:29  Siege Tank  
  62  5:33  SCV  
  62  5:34  SCV  
  68  5:37  Viking x2  
  68  5:40  Supply Depot  
  72  5:47  SCV x2  
  74  5:52  Liberator  
  74  5:55  Missile Turret  
  74  5:58  Missile Turret  
  74  5:59  SCV x2  
  76  6:08  Viking  
  81  6:14  Supply Depot  
  81  6:17  Supply Depot, Terran Infantry Weapons Level 1  
  81  6:18  SCV  
  81  6:19  SCV  
  84  6:37  Liberator x2  
  80  6:48  Barracks  
  80  6:49  Barracks  
  80  6:50  Command Center  
  85  7:05  SCV x2  
  85  7:07  Refinery, Engineering Bay  
  86  7:17  Barracks x2  
  86  7:18  SCV x2  
  88  7:29  Marine, Siege Tank  
  85  7:33  SCV x2  
  85  7:45  SCV x2  
  85  7:48  Barracks Reactor  
  85  7:49  Marine, Barracks Reactor  
  88  7:57  SCV  
  83  7:59  SCV  
  84  8:09  SCV  
  84  8:11  Barracks Reactor x2  
  84  8:12  SCV  
  78  8:21  SCV  
  78  8:22  Terran Infantry Armor Level 1  
  78  8:23  Armory  
  78  8:24  SCV  
  76  8:27  Marine  
  76  8:28  Marine x4  
  76  8:29  Siege Tank, Medivac x2  
  76  8:33  SCV  
  86  8:36  SCV  
  81  8:43  Refinery, Orbital Command  
  81  8:44  Refinery  
  81  8:45  SCV  
  81  8:46  Combat Shield  
  81  8:48  Marine x4, SCV  
  83  8:49  Marine x5  
  92  8:57  SCV, Sensor Tower  
  92  9:00  SCV  
  94  9:06  Supply Depot x2  
  94  9:07  Medivac x2  
  94  9:09  SCV  
  99  9:10  Marine  
  99  9:11  Marine x8  
  106  9:23  Siege Tank  
  109  9:28  Terran Infantry Weapons Level 2  
  109  9:31  Marine x9  
  109  9:35  Command Center  
  109  9:36  Factory  
  118  9:43  Terran Vehicle Weapons Level 1  
  118  9:47  Supply Depot x2  
  118  9:50  Marine x9  
  127  9:55  Siege Tank  
  129  10:01  Missile Turret  
  129  10:02  Missile Turret  
  129  10:04  Viking x2  
  133  10:08  SCV x3  
  133  10:11  Supply Depot  
  133  10:13  Supply Depot  
  136  10:14  Marine  
  136  10:15  Marine x8  
  136  10:17  Terran Infantry Armor Level 2  
  136  10:19  Refinery  
  145  10:21  Refinery  
  145  10:27  Factory Tech Lab  
  144  10:29  Sensor Tower  
  142  10:44  Marine x8  
  142  10:49  Viking x2  
  146  10:58  Planetary Fortress  
  146  11:09  Marine  
  146  11:10  Marine x8  
  145  11:11  Siege Tank  
  145  11:12  Siege Tank  
  148  11:26  Medivac x2  
  148  11:28  SCV x2  
  136  11:55  Marine x6  
  136  11:56  Marine x3  
  136  11:57  Siege Tank x2, Medivac x2  
  149  12:01  SCV x3  
  149  12:02  Starport  
  149  12:04  Starport  
  151  12:14  Marine x6  
  151  12:15  Marine x3  
  160  12:32  Marine x8  
  160  12:33  Marine  
  160  12:34  Siege Tank x2  
  160  12:35  Viking x2  
  178  12:43  Starport Reactor, Starport Tech Lab  
  178  12:44  Command Center  
  178  12:54  Terran Infantry Armor Level 3  
  178  12:55  Terran Infantry Weapons Level 3  
  178  12:59  Terran Vehicle Weapons Level 2  
  168  13:10  Marine x9  
  177  13:16  Raven  
  173  13:23  Missile Turret  
  173  13:24  Siege Tank x2  
  179  13:33  Liberator x2  
  175  13:46  Marine x9  
  168  13:50  Viking x2  
  168  13:54  Liberator  
  119  14:02  Liberator  
  166  14:06  Marine  
  166  14:07  Marine x7  
  177  14:17  Liberator x2  
  171  14:27  Marine x5  
  171  14:28  Marine x3  
  164  14:46  Marine  
  164  14:47  Marine  
  158  15:10  Raven  
  159  15:24  Siege Tank x2  
  165  15:32  Sensor Tower  
  165  15:35  Medivac x3  
  167  15:36  Medivac  
  173  15:43  Orbital Command  
  170  15:51  Marine  
  170  15:52  Marine x7  
  170  15:53  Marine  
  169  16:09  Marine x2  
  169  16:10  Siege Tank x2  
  173  16:23  Marine x7  
  179  16:27  Marine  
  179  16:32  Supply Depot  
  180  16:34  SCV x3, Supply Depot  
  183  16:44  Marine x5  
  188  16:51  Siege Tank  
  166  17:08  Marine x8  
  152  17:14  Marine  
  155  17:25  Marine  
  155  17:26  Marine x6  
  141  17:41  Marine x2  
  141  17:43  Marine x4  
  141  17:44  Marine  
  117  18:00  Marine x3  
  117  18:01  Marine x2  
  117  18:02  Marine x3  
  103  18:19  Siege Tank x2  
  102  18:20  Orbital Command  
  100  18:39  Marine  
  100  18:40  Marine x7  
Show
View Real Time Build Order
Export as new Build Order

TYTY Terran - Winner!

Build Orders: Reaper Expand 

Get SALT Encoding   

  12  0:00  SCV  
  13  0:13  SCV  
  14  0:19  Supply Depot  
  14  0:25  SCV  
  15  0:40  SCV  
  16  0:43  Barracks  
  16  0:45  Refinery  
  16  0:53  SCV  
  17  1:05  SCV  
  18  1:17  SCV  
  19  1:30  Reaper, Orbital Command  
  20  1:43  Command Center  
  20  1:56  SCV  
  20  1:58  Supply Depot  
  21  2:01  Marine  
  22  2:09  Factory  
  22  2:13  SCV  
  23  2:21  Refinery  
  23  2:23  Barracks Reactor  
  23  2:25  SCV  
  24  2:37  SCV  
  24  2:51  SCV  
  24  2:52  Hellion  
  26  2:59  Marine x2, Orbital Command, Starport  
  26  3:04  SCV  
  29  3:14  Factory Tech Lab  
  29  3:17  Marine x2  
  29  3:18  SCV  
  32  3:25  SCV  
  33  3:30  Supply Depot  
  33  3:32  Cyclone  
  37  3:35  Marine  
  37  3:36  Marine  
  37  3:41  Viking  
  39  3:42  SCV  
  40  3:53  Marine  
  40  3:54  Marine  
  40  3:55  SCV x2  
  41  4:07  SCV  
  42  4:10  SCV  
  42  4:13  Marine x2, Widow Mine  
  47  4:19  Supply Depot  
  47  4:20  Banshee  
  47  4:23  SCV  
  51  4:25  SCV  
  52  4:35  Factory Tech Lab, SCV  
  52  4:38  SCV  
  56  4:48  SCV  
  56  4:50  Command Center  
  55  4:55  Siege Tank  
  58  5:02  SCV, Supply Depot  
  62  5:13  Supply Depot  
  62  5:23  Marine x2, Raven, SCV x2  
  62  5:27  Supply Depot  
  62  5:28  Siege Tank  
  68  5:31  Refinery  
  68  5:33  Refinery  
  69  5:35  SCV  
  69  5:36  SCV  
  69  5:41  Marine x2  
  72  5:44  Supply Depot  
  72  5:47  SCV  
  72  5:48  SCV, Engineering Bay  
  74  5:51  Engineering Bay  
  74  5:59  Marine x2, SCV  
  74  6:00  SCV  
  74  6:03  Orbital Command  
  81  6:09  Raven  
  80  6:12  SCV x2  
  80  6:16  Marine x2, Siege Tank  
  87  6:20  Orbital Command  
  87  6:24  SCV  
  87  6:25  SCV  
  89  6:29  Supply Depot x2  
  88  6:36  SCV  
  88  6:37  SCV  
  89  6:49  Siege Tank  
  89  6:51  SCV  
  91  6:54  SCV  
  91  6:59  Viking x2  
  91  7:01  Marine, SCV  
  97  7:07  SCV  
  98  7:14  SCV x2  
  98  7:15  Terran Infantry Armor Level 1, Terran Infantry Weapons Level 1  
  97  7:23  SCV  
  97  7:26  Marine  
  99  7:30  Viking x2  
  99  7:33  Siege Tank  
  99  7:34  SCV  
  107  7:37  Supply Depot  
  92  7:45  Marine, SCV x2  
  91  7:54  SCV  
  91  7:57  SCV x2  
  84  8:02  Viking x2  
  84  8:03  Marine  
  85  8:06  SCV  
  85  8:09  SCV x2, Siege Tank  
  87  8:18  SCV  
  78  8:21  Marine, SCV  
  78  8:22  SCV  
  78  8:23  Stimpack  
  78  8:24  Supply Depot  
  77  8:31  Viking  
  77  8:34  Viking  
  77  8:36  SCV x3  
  77  8:39  Marine  
  81  8:41  Siege Tank  
  81  8:47  Refinery  
  81  8:48  SCV  
  85  8:50  Refinery, Liberator  
  85  8:53  Liberator, Supply Depot  
  85  8:54  Barracks, SCV  
  85  8:55  Barracks  
  86  8:57  Barracks  
  86  8:58  Armory, Barracks  
  86  9:01  SCV x2  
  88  9:04  Marine  
  88  9:08  SCV  
  93  9:13  SCV x2  
  93  9:16  Missile Turret  
  95  9:20  SCV, Siege Tank  
  95  9:23  Marine  
  100  9:25  SCV  
  100  9:28  SCV  
  100  9:30  Sensor Tower  
  102  9:35  Command Center  
  102  9:36  SCV  
  102  9:37  SCV  
  104  9:41  Marine  
  104  9:42  Barracks Reactor x2  
  105  9:46  Missile Turret, Barracks Reactor  
  105  9:47  SCV  
  105  9:48  SCV  
  105  9:51  Supply Depot  
  107  9:56  SCV  
  107  9:58  Siege Tank  
  107  9:59  Marine, SCV  
  112  10:03  Marine x2, Starport Reactor  
  112  10:10  Terran Infantry Weapons Level 2  
  112  10:13  Terran Infantry Armor Level 2  
  112  10:17  Marine  
  112  10:18  Marine x2  
  112  10:19  Marine  
  116  10:21  Marine x2  
  116  10:22  Marine x2  
  116  10:23  Combat Shield, SCV x2  
  116  10:25  Supply Depot  
  116  10:28  Marine  
  123  10:33  Siege Tank  
  123  10:34  Marine  
  126  10:36  Marine x2  
  126  10:40  Supply Depot  
  126  10:41  Marine x2  
  130  10:43  SCV  
  130  10:44  Medivac x2  
  130  10:47  Marine x4  
  136  10:52  Marine  
  136  10:54  Marine x2  
  136  10:55  SCV x2  
  138  10:58  Marine, Terran Vehicle Weapons Level 1  
  138  10:59  Marine  
  137  11:05  Marine x3, Siege Tank  
  137  11:09  SCV x2  
  145  11:14  Orbital Command  
  145  11:15  Marine  
  145  11:16  Marine  
  138  11:24  Marine x2  
  142  11:27  Planetary Fortress  
  142  11:32  Marine  
  138  11:33  Marine x2  
  138  11:35  Medivac x2  
  138  11:39  Marine x3  
  140  11:40  Marine  
  140  11:44  Siege Tank  
  140  11:46  Orbital Command  
  142  11:48  Liberator  
  142  11:50  SCV x2  
  136  11:56  Marine x2  
  136  11:57  Marine x2  
  138  12:02  SCV x2  
  138  12:05  Medivac  
  138  12:07  Marine x2  
  147  12:09  Marine x3  
  147  12:14  Marine x3  
  153  12:16  Siege Tank  
  153  12:18  Liberator  
  158  12:26  Marine, Refinery x2  
  158  12:27  Marine x2  
  158  12:28  Sensor Tower  
  159  12:34  Marine x4  
  166  12:38  Marine x2  
  166  12:39  Missile Turret  
  166  12:41  SCV  
  169  12:46  SCV  
  169  12:47  Orbital Command  
  169  12:49  Marine x2  
  174  12:53  SCV  
  179  12:58  SCV  
  179  13:00  Terran Infantry Weapons Level 3  
  179  13:02  Terran Infantry Armor Level 3  
  174  13:05  SCV  
  174  13:07  Siege Tank  
  177  13:19  Supply Depot  
  177  13:21  Supply Depot  
  177  13:27  Sensor Tower  
  177  13:28  Supply Depot  
  177  13:41  Marine  
  180  13:42  Marine x3, SCV x3  
  180  13:44  Marine  
  185  13:49  Liberator x2, Siege Tank  
  185  13:54  SCV x2  
  179  14:03  Marine x9  
  182  14:14  SCV  
  184  14:21  Marine x3  
  174  14:32  Marine x2  
  174  14:33  Marine  
  174  14:37  Thor  
  173  14:45  Marine x3  
  166  14:46  Marine x3  
  166  14:48  Medivac  
  166  14:49  Medivac  
  166  14:50  Marine  
  169  14:53  Marine x2  
  165  15:03  Orbital Command  
  165  15:06  Marine x4  
  165  15:07  Marine x2  
  168  15:08  Marine  
  168  15:10  Marine  
  168  15:11  Marine  
  173  15:18  Missile Turret  
  173  15:21  Siege Tank  
  176  15:23  Medivac x2  
  176  15:24  Marine  
  176  15:27  Missile Turret, Supply Depot  
  181  15:31  Supply Depot  
  181  15:40  Marine x2  
  181  15:41  Marine x2  
  181  15:43  Marine  
  181  15:44  SCV  
  181  15:45  Marine  
  181  15:48  Marine x3  
  181  15:49  SCV x2  
  186  15:56  SCV  
  184  15:58  Marine  
  184  15:59  Siege Tank, Medivac x2  
  184  16:01  Marine x3  
  193  16:16  Marine x4  
  188  16:29  Medivac x2  
  188  16:30  Command Center  
  188  16:31  Marine x3, Siege Tank  
  197  16:34  Supply Depot  
  197  16:43  Marine  
  197  16:44  Marine  
  197  16:47  Supply Depot  
  191  17:05  Medivac x2  
  191  17:06  Siege Tank  
  182  17:12  Marine x4  
  180  17:19  Marine x4  
  180  17:21  SCV  
  180  17:22  SCV x2  
  178  17:31  Marine x4  
  178  17:35  Medivac x2  
  167  17:40  Marine x4  
  143  17:49  Marine x3, Siege Tank  
  143  17:50  Marine x2  
  145  17:58  Marine x4  
  149  18:00  SCV x2  
  147  18:08  Barracks x2  
  127  18:12  Marine x2  
  127  18:13  Marine x2  
  131  18:21  SCV x2, Siege Tank  
  131  18:22  Planetary Fortress  
  131  18:25  Marine x4  
  137  18:38  Marine x5, Missile Turret  
  142  18:46  Marine x4  
  142  18:56  Marine x4  
  152  19:11  Barracks Reactor x2  
  152  19:14  Starport  

Tags
 
Add a new tag
Caveats
  • Supply blocks, unpowered buildings, or Contaminate may cause inaccurate times.
  • Supply counts are checked every 10 seconds.